 Seeded DCSS version 0.30-a0-879-ga8ba668304 (webtiles) character file.

Game seed: 10706131166541840214 (custom seed)

1782 Ajencis the Frost Mage (level 9, -1/61 (66) HPs)
             Began as a Barachi Ice Elementalist on Mar 12, 2023.
             Was a Believer of Sif Muna.
             Slain by a wight
             ... wielding a +4 long sword of freezing
              (9 damage)
             ... on level 7 of the Dungeon.
             The game lasted 00:18:53 (6977 turns).

Ajencis the Frost Mage (Barachi Ice Elementalist)   Turns: 6977, Time: 00:18:53

HP:   -1/61 (66)    AC:  5    Str:  9    XL:     9   Next: 8%
MP:   3/17          EV: 13    Int: 19    God:    Sif Muna [**....]
Gold: 282           SH:  0    Dex: 14    Spells: 12/19 levels left

rFire   . . .      SeeInvis .    s - staff of cold
rCold   + + .      Faith    .    (no shield)
rNeg    . . .      Spirit   .    a - +0 robe
rPois   +          Reflect  .    (no helmet)
rElec   +          Rampage  .    (no cloak)
rCorr   .                        A - +2 pair of gloves of Idaruwic {rElec}
Will    .....                    (no boots)
Stlth   ++                       (no amulet)
HPRegen 0.30/turn                j - ring of protection from cold
MPRegen 0.15/turn                l - ring of poison resistance

@: studying Spellcasting, drained, slow
A: amphibious, slowness 1, strong legs 1, +LOS
a: Hop, Renounce Religion, Channel Magic


You were on level 7 of the Dungeon.
You worshipped Sif Muna.
Sif Muna was pleased with you.
You visited 2 branches of the dungeon, and saw 8 of its levels.
You also visited: Sewer.

You collected 282 gold pieces.

Inventory:

Hand Weapons
 f - the +6 trident of Plunder {drain, rElec Str+3}
   (You found it on level 4 of the Dungeon)

   Str:       It affects your strength (+3).
   rElec:     It insulates you from electricity.
Missiles
 q - 6 curare-tipped darts
 B - a throwing net
Armour
 a - a +0 robe (worn)
 A - the +2 pair of gloves of Idaruwic (worn) {rElec}
   (You found it on level 5 of the Dungeon)

   rElec:     It insulates you from electricity.
Magical Staves
 s - a staff of cold (weapon)
Jewellery
 j - a ring of protection from cold (left hand)
 l - a ring of poison resistance (right hand)
 p - an amulet of faith
 C - an amulet of magic regeneration
Scrolls
 c - a scroll of noise {unknown}
 n - a scroll of enchant weapon
 o - a scroll of teleportation
 w - a scroll of torment {unknown}
 y - a scroll of fog
Potions
 b - a potion of magic
 d - 2 potions of attraction
 e - 3 potions of heal wounds
 g - a potion of might {unknown}
 h - 7 potions of mutation {unknown}
 i - 2 potions of curing
 k - a potion of flight
 m - 2 potions of brilliance {unknown}
 r - 3 potions of haste {unknown}
 t - a potion of cancellation {unknown}
 u - 2 potions of degeneration
 v - 2 potions of lignification
 x - a potion of resistance
 z - a potion of invisibility {unknown}


   Skills:
 + Level 4.4 Fighting
 + Level 3.4 Staves
 + Level 4.8 Armour
 + Level 4.6 Dodging
 - Level 1.8 Stealth
 + Level 5.8 Spellcasting
 * Level 5.7 Summonings
 * Level 8.1 Ice Magic


You had 12 spell levels left.
You knew the following spells:

 Your Spells              Type           Power      Damage    Failure   Level
b - Frozen Ramparts       Ice            100%       1d16      1%          3
c - Summon Ice Beast      Ice/Summ       48%        N/A       6%          4

Your spell library contained the following spells:

 Spells                   Type           Power      Damage    Failure   Level
 Freeze                   Ice            100%       1d10      1%          1
 Ozocubu's Armour         Ice            53%        N/A       1%          3
 Ignite Poison            Fire/Tmut/Pois 5%         N/A       34%         3
 Kindle Blastsparks       Fire/Tloc/Air  10%        2d10      34%         3
 Summon Forest            Summ/Tloc      8%         N/A       67%         5
 Freezing Cloud           Conj/Ice/Air   11%        6-21      71%         5
 Eringya's Noxious Bog    Tmut/Pois      2%         N/A       100%        6
 Summon Hydra             Summ           13%        N/A       100%        7


Dungeon Overview and Level Annotations

Branches:
Dungeon (7/15)             Temple (1/1) D:4           Sewer (visited)

Altars:
Cheibriados
Dithmenos
Elyvilon
Fedhas
Gozag
Hepliaklqana
Kikubaaqudgha
Makhleb
Qazlal
Ru
Sif Muna
Trog
Wu Jian
Xom
Yredelemnul
Zin
The Shining One

Shops:
D:1 :


Innate Abilities, Weirdness & Mutations

You are amphibious.
You cover ground slowly.
You can hop short distances.
You have an extended range of vision and can be seen from far away.


Message History

The wight attacks as you move away!
The wight hits you with a +4 long sword of freezing!
An orc comes into view. It is wielding a +0 club.
Your magical contamination has completely faded away.
An orc comes into view. It is wielding a +0 dagger.
Found a stone staircase leading down.
The wight hits you with a +4 long sword of freezing.
The orc moves out of view.
An orc wizard comes into view. It is wielding a +0 hand axe.
The wight attacks as you move away! The wight closely misses you.
The wight attacks as you move away!
The wight hits you with a +4 long sword of freezing.
You feel drained.
The wight hits you with a +4 long sword of freezing.
You feel drained. The wight attacks as you move away!
The wight hits you with a +4 long sword of freezing!
* * * LOW HITPOINT WARNING * * *
You feel drained.
* * * LOW HITPOINT WARNING * * *
The wight freezes you.
* * * LOW HITPOINT WARNING * * *
There is a stone staircase leading down here.
The wight closely misses you. The wight barely misses you.
You climb downwards.
Found 4 boomerangs.
There is a stone staircase leading up here.
Casting: Summon Ice Beast (dangerous; 6% risk of failure)
Confirm with . or Enter, or press ? or * to list all spells.
You feel a surge of power! A chill wind blows around you.
The wight hits you with a +4 long sword of freezing.
* * * LOW HITPOINT WARNING * * *
You feel drained.
You hit the wight but do no damage.
The wight is lightly damaged.
The wight closely misses you.
You hit the wight.
The wight is moderately damaged.
The wight hits you with a +4 long sword of freezing!
You die...

... ... #.
...... .(
..#.. .###
.... #...#
... ..#.##
.. .....
.#...
########zY#
........@#
##########


You could see a wight (ally target) and a friendly ice beast (summoned).

Vanquished Creatures
  Prince Ribbit (D:5)
  Eustachio (D:6)
  A water moccasin (D:6)
  A sky beast (D:6)
  A black bear (D:5)
  2 ogres
  2 kobold brigands (Sewer)
  A bullfrog (D:6)
  Blork the orc (D:5)
  3 scorpions
  An orc priest (D:5)
  3 hounds
  A jelly (D:4)
  2 sleepcaps (D:6)
  2 iguanas
  2 orc wizards
  5 gnolls
  5 adders
  A shadow imp (D:5)
  A white imp (D:5)
  An ufetubus (D:5)
  3 worms
  2 dart slugs
  12 orcs
  13 bats
  9 endoplasms
  4 giant cockroaches
  4 hobgoblins
  19 kobolds
  7 quokkas
  9 ball pythons
  3 frilled lizards
  4 goblins
  5 rats
132 creatures vanquished.

Vanquished Creatures (collateral kills)
  A wight (D:6)
  An orc (D:6)
2 creatures vanquished.

Vanquished Creatures (others)
  A plant (Sewer)
1 creature vanquished.

Grand Total: 135 creatures vanquished

Notes
Turn   | Place    | Note
-------+----------+-------------------------------------------
     0 | D:1      | Ajencis the Barachi Ice Elementalist began the quest for
                  | the Orb.
     0 | D:1      | Reached XP level 1. HP: 13/13 MP: 3/3
   153 | D:1      | Reached skill level 5 in Ice Magic
   153 | D:1      | Reached XP level 2. HP: 20/20 MP: 3/5
   286 | D:1      | You fall into a shaft and drop 1 floor!
   443 | D:1      | Found Tuuk's Book Boutique.
   651 | D:1      | Reached skill level 1 in Armour
   651 | D:1      | Reached XP level 3. HP: 25/25 MP: 2/6
   656 | D:1      | Learned a level 3 spell: Frozen Ramparts
  1057 | D:2      | Reached skill level 1 in Fighting
  1456 | D:2      | Found an ancient bone altar of Kikubaaqudgha.
  1537 | D:2      | Reached XP level 4. HP: 32/32 MP: 6/8
  2441 | D:3      | Found a shimmering altar of Xom.
  2442 | D:3      | Found a hazy altar of Hepliaklqana.
  2443 | D:3      | Noticed a spectral ugly thing
  2525 | D:3      | Learned a level 4 spell: Summon Ice Beast
  2585 | D:3      | Reached XP level 5. HP: 37/37 MP: 9/9
  2862 | D:3      | Reached skill level 1 in Summonings
  3048 | D:3      | Found a shimmering blue altar of Sif Muna.
  3077 | D:3      | Became a worshipper of Sif Muna the Loreminder
  3593 | D:4      | Found a glowing drain.
  3612 | Sewer    | Entered a sewer
  3795 | Sewer    | Reached * piety under Sif Muna
  3836 | Sewer    | Noticed a kobold brigand
  3843 | Sewer    | Killed a kobold brigand
  3844 | Sewer    | Reached skill level 1 in Staves
  3844 | Sewer    | Reached skill level 6 in Ice Magic
  3844 | Sewer    | Reached XP level 6. HP: 26/45 MP: 7/11
  4047 | D:4      | Found a staircase to the Ecumenical Temple.
  4061 | Temple   | Entered the Ecumenical Temple
  4674 | D:4      | Reached XP level 7. HP: 19/51 MP: 9/13
  4798 | D:4      | Found a burning altar of Makhleb.
  4801 | D:4      | Found a bloodstained altar of Trog.
  4805 | D:4      | Found a snail-covered altar of Cheibriados.
  4871 | D:4      | Identified the +6 trident of Plunder {drain, rElec Str+3}
  5093 | D:5      | Entered Level 5 of the Dungeon
  5657 | D:5      | Noticed Blork the orc
  5663 | D:5      | Killed Blork the orc
  5664 | D:5      | Reached skill level 7 in Ice Magic
  5728 | D:5      | Reached XP level 8. HP: 55/58 MP: 11/15
  6005 | D:5      | Noticed Prince Ribbit
  6015 | D:5      | Killed Prince Ribbit
  6016 | D:5      | Reached skill level 5 in Spellcasting
  6066 | D:5      | Identified the +2 pair of gloves of Idaruwic {rElec}
  6228 | D:5      | Found a glowing golden altar of the Shining One.
  6443 | D:6      | Reached ** piety under Sif Muna
  6508 | D:6      | Noticed Eustachio
  6512 | D:6      | Killed Eustachio
  6571 | D:6      | Reached skill level 5 in Summonings
  6751 | D:6      | Reached skill level 8 in Ice Magic
  6784 | D:6      | Reached XP level 9. HP: 48/66 MP: 9/17
  6977 | D:7      | Slain by a wight

Illustrated notes

Levels and vault maps discovered:
D:1:      amcnicky_arrival_choice, layout_loops_ring, serial_shops, shop
D:2:      kennysheep_big_flooded_room, layout_basic, basic_altar
D:3:      layout_basic, regret_index_temple_of_mockery,
          kennysheep_orc_sif_temple, eino_tiny_chamber
D:4:      layout_basic, grunt_temple_overflow_diamond,
          minmay_temple_entry_butterflies, cheibrodos_sewer_entry_bend,
          nicolae_concentric_dashed_squares_wild
D:5:      layout_loops_corners, nicolae_tso_swordbearing_angel,
          uniq_blork_the_orc, uniq_prince_ribbit1
D:6:      layout_loops_ring, okawaru_trees_2, uniq_eustachio, uniq_menkaure
D:7:      layout_rooms, nicolae_overflow_crystal_walls, uniq_maggie
Temple:   chequers_temple_sunken

Skill      XL: |  1  2  3  4  5  6  7  8 |
---------------+-------------------------+-----
Ice Magic      | 5 6 7 8 |  8.1
Armour         | 1 2 3 4 |  4.8
Fighting       | 1 2 3 4 |  4.4
Spellcasting   | 3 4 5 |  5.8
Summonings     | 2 4 5 |  5.7
Dodging        | 3 4 |  4.6
Staves         | 1 2 3 |  3.4
Stealth        | |  1.8

Action                     |  1- 3 |  4- 6 |  7- 9 || total
---------------------------+-------+-------+-------++-------
  Melee: Unarmed           |     4 |     9 |       ||    13
         Staff             |       |    84 |    79 ||   163
         Punch             |       |     3 |       ||     3
   Cast: Freeze            |    48 |     2 |       ||    50
         Frozen Ramparts   |     1 |    25 |    24 ||    50
         Summon Ice Beast  |       |       |     7 ||     7
    Use: Scroll            |       |    15 |       ||    15
   Stab: Sleeping          |       |     2 |     1 ||     3
 Armour: Robe              |     6 |    20 |    10 ||    36
  Dodge: Dodged            |    39 |    79 |    73 ||   191

Table legend: (Time is in decaauts)
 A = Elapsed time spent in this place.
 B = Non-inter-level travel time spent in this place.
 C = Inter-level travel time spent in this place.
 D = Time resting spent in this place.
 E = Time spent auto-exploring this place.
 F = Levels seen in this place.
 G = Mean time per level.
                   A        B        C        D        E       F      G
               +--------+--------+--------+--------+--------+-----+--------+
         Total |   7871 |   7632 |    239 |      4 |   6315 |   9 |  874.6 |
       Dungeon |   7019 |   6780 |    239 |      4 |   5744 |   7 | 1002.7 |
        Temple |    398 |    398 |      0 |      0 |    222 |   1 |  398.0 |
         Sewer |    453 |    453 |      0 |      0 |    348 |   1 |  453.0 |
               +--------+--------+--------+--------+--------+-----+--------+

Top non-repeatable levels by time:
     D:2: 1574 daAuts
     D:5: 1505 daAuts
     D:3: 1473 daAuts
     D:1: 978 daAuts
     D:4: 895 daAuts
     D:6: 588 daAuts
   Sewer: 453 daAuts
  Temple: 398 daAuts
     D:7: 2 daAuts
